AoeStats
← [CL] Chinchilla ®

Black Forest

511996706Analyzed
4v4 RM · 12d ago on Oct 7, 2026· 49m 38s· 8 players
Game mode
Random Map
Map size
Large (8 player)
Population
200
Speed
Normal
Resources
Standard
Victory
Conquest
Starting age
Dark Age
Ending age
Imperial Age
RankedLock teamsTeams togetherTeam positionsShared explorationLock speedFull tech treeHidden civsTurbo modeCheats
Victory
Defeat
🇪🇸 Persians · Spain
1255
+9
🇨🇱 Bulgarians · Chile
1162
+12
🇸🇪 Bohemians · Sweden
1162
+12
🇨🇳 Japanese · China
1154
+14
vs
🇮🇳 Celts · India
1244
-17
🇮🇳 Jurchens · India
1146
-13
🇮🇳 Italians · India
1094
-12
🇮🇳 Persians · India
859
-5
Gyllnyllet
8:56 Loom
11:13 Feudal Age
16:02 Castle Age
14:11 Double-Bit Axe
15:29 Horse Collar
19:29 Wheelbarrow
23:05 Bow Saw
23:04 Heavy Plow
24:55 Hand Cart
31:12 Imperial Age
31:11 Chemistry
30:36 Ballistics
32:21 Conscription
32:11 Wagenburg Tactics
32:23 Fletching
33:35 Two-Man Saw
33:07 Elite Hussite Wagon
34:16 Bodkin Arrow
35:01 Houfnice
48:12 Spies/Treason
Enrique
9:46 Feudal Age
14:35 Castle Age
13:33 Double-Bit Axe
14:02 Horse Collar
14:45 Loom
15:53 Bow Saw
20:29 Wheelbarrow
21:20 Town Watch
27:05 Heavy Plow
28:07 Scale Barding Armor
29:26 Hand Cart
30:16 Chain Barding Armor
30:06 Forging
34:48 Imperial Age
33:14 Forging
33:04 Murder Holes
33:21 Masonry
33:06 Fletching
34:27 Iron Casting
34:51 Kamandaran
34:48 Bodkin Arrow
35:16 Ballistics
34:28 Crossbowman
35:37 Bloodlines
35:27 Husbandry
35:31 Padded Archer Armor
35:38 Thumb Ring
36:31 Conscription
37:06 Plate Barding Armor
37:47 Blast Furnace
37:09 Leather Archer Armor
38:04 Chemistry
38:42 Elite War Elephant
39:56 Architecture
40:18 Ring Archer Armor
40:44 Citadels
41:15 Guilds
41:07 Caravan
41:52 Coinage
42:27 Hoardings
42:54 Scale Mail Armor
43:35 Banking
43:47 Elite Skirmisher
44:57 Chain Mail Armor
47:32 Plate Mail Armor
48:51 Spies/Treason
[CL] Chinchilla ®
2:16 Loom
10:33 Feudal Age
11:41 Double-Bit Axe
16:02 Forging
15:52 Scale Mail Armor
16:50 Wheelbarrow
16:06 Arson
18:13 Horse Collar
22:39 Castle Age
21:24 Gold Mining
21:29 Stone Mining
23:23 Squires
24:00 Iron Casting
23:40 Chain Mail Armor
23:54 Bow Saw
26:51 Gambesons
28:32 Hand Cart
28:53 Chain Mail Armor
33:08 Imperial Age
32:18 Town Watch
32:39 Pikeman
35:57 Blast Furnace
36:21 Plate Mail Armor
36:52 Blast Furnace
37:51 Conscription
39:35 Heavy Plow
41:24 Halberdier
42:30 Caravan
47:11 Fletching
BNNAM
0:33 Loom
11:59 Feudal Age
13:13 Double-Bit Axe
13:10 Horse Collar
16:08 Castle Age
16:59 Heavy Plow
17:11 Bow Saw
17:38 Wheelbarrow
24:29 Hand Cart
30:01 Imperial Age
27:31 Fletching
27:41 Padded Archer Armor
28:03 Ballistics
27:35 Gold Mining
28:08 Bodkin Arrow
29:27 Leather Archer Armor
29:54 Gold Shaft Mining
29:16 Stone Mining
30:15 Yasama
30:33 Husbandry
30:43 Bloodlines
30:34 Guard Tower
31:10 Bracer
31:40 Ring Archer Armor
32:11 Chemistry
31:19 Thumb Ring
31:40 Parthian Tactics
32:20 Two-Man Saw
31:51 Conscription
31:16 Heavy Cavalry Archer
32:34 Kataparuto
33:05 Scale Mail Armor
33:16 Forging
33:59 Keep
34:28 Arrowslits
34:39 Murder Holes
36:17 Chain Mail Armor
36:38 Iron Casting
36:29 Block Printing
37:15 Plate Mail Armor
37:43 Illumination
37:30 Fervor
37:41 Sanctity
37:54 Treadmill Crane
38:20 Siege Engineers
39:28 Pikeman
40:08 Squires
39:53 Gambesons
39:54 Arson
41:10 Blast Furnace
40:01 Halberdier
40:57 Masonry
41:23 Redemption
41:56 Theocracy
48:57 Spies/Treason
50:09 Fortified Wall
50:19 Shipwright
50:10 Careening
50:11 Clinker Construction
Lurker
0:38 Loom
12:10 Feudal Age
16:09 Castle Age
14:21 Horse Collar
14:33 Double-Bit Axe
24:23 Bow Saw
32:34 Heavy Plow
33:05 Scale Mail Armor
35:33 Wheelbarrow
36:24 Forging
36:30 Chain Mail Armor
40:21 Imperial Age
38:35 Stone Mining
38:37 Gold Mining
39:57 Iron Casting
40:07 Town Watch
41:04 Hand Cart
41:34 Gold Shaft Mining
41:34 Stone Shaft Mining
41:07 Stronghold
Aaaaaaah Do
0:30 Loom
12:28 Feudal Age
16:21 Castle Age
14:28 Double-Bit Axe
15:12 Horse Collar
18:08 Bow Saw
21:35 Heavy Plow
22:48 Wheelbarrow
24:29 Gold Mining
24:31 Stone Mining
27:08 Hand Cart
27:42 Treadmill Crane
30:57 Imperial Age
29:14 Gold Shaft Mining
29:16 Stone Shaft Mining
30:00 Ballistics
29:52 Fortified Wall
29:49 Padded Archer Armor
31:38 Leather Archer Armor
31:51 Thunderclap Bombs
32:24 Conscription
33:32 Chemistry
32:37 Town Watch
36:16 Ring Archer Armor
olais
3:27 Loom
12:49 Feudal Age
17:30 Castle Age
16:16 Horse Collar
18:15 Double-Bit Axe
18:56 Heavy Plow
27:35 Fletching
27:46 Padded Archer Armor
29:32 Bodkin Arrow
29:52 Leather Archer Armor
31:54 Wheelbarrow
31:04 Town Watch
34:12 Imperial Age
33:05 Hand Cart
33:48 Fervor
34:11 Ballistics
34:15 Forging
34:06 Scale Mail Armor
34:35 Thumb Ring
35:59 Chemistry
34:39 Elite Genoese Crossbowman
35:41 Conscription
36:15 Gold Mining
36:16 Stone Mining
36:49 Bracer
37:20 Ring Archer Armor
37:52 Ring Archer Armor
38:06 Bow Saw
42:20 Two-Man Saw
41:55 Crop Rotation
44:30 Iron Casting
44:01 Scale Barding Armor
46:29 Chain Barding Armor
47:09 Blast Furnace
46:15 Light Cavalry
47:06 Bloodlines
46:57 Husbandry
47:10 Hussar
48:28 Plate Barding Armor
bmo
12:22 Feudal Age
12:52 Horse Collar
12:58 Double-Bit Axe
17:17 Castle Age
32:11 Wheelbarrow
32:52 Scale Barding Armor
32:58 Forging
36:26 Imperial Age
37:30 Husbandry
37:43 Bloodlines
37:45 Heavy Camel Rider
41:14 Conscription
40:17 Elite War Elephant
42:31 Citadels
Connection lost

Rejoining the realm…

Still unreachable

The connection could not be restored.

Session expired

The server has moved on; the page needs a fresh start.